 Dungeon Crawl Stone Soup version 0.28.0-62-gf88900778d (webtiles) character file.

Game seed: 5310763341432625614

470 cbfl8 the Chopper (level 6, -4/48 HPs)
             Began as a Demonspawn Fighter on Jan 17, 2024.
             Was an Initiate of Trog.
             Slain by an orc
             ... wielding a +0 hand axe of electrocution
              (16 damage)
             ... on level 5 of the Dungeon.
             The game lasted 00:03:04 (4452 turns).

cbfl8 the Chopper (Demonspawn Fighter)              Turns: 4452, Time: 00:03:04

Health: -4/48      AC:  9    Str: 18    XL:     6   Next: 82%
Magic:  6/6        EV:  9    Int:  9    God:    Trog [......]
Gold:   153        SH:  9    Dex: 13    Spells: 5/5 levels left

rFire   . . .      SeeInvis .   a - +0 war axe
rCold   . . .      Faith    .   c - +0 buckler
rNeg    . . .      Spirit   .   b - +0 scale mail
rPois   .          Reflect  +   (helmet restricted)
rElec   .          Harm     .   (no cloak)
rCorr   .          Rampage  .   (no gloves)
Will    +....                   (no boots)
Stlth   ..........              s - amulet of reflection
HPRegen 0.16/turn               e - ring of flight
MPRegen 0.10/turn               m - ring of willpower

@: lethally poisoned (-4 -> -9), flying
A: horns 1, icy blue scales 1, ignite blood 1
a: Renounce Religion


You were on level 5 of the Dungeon.
You worshipped Trog.
Trog was noncommittal.
You visited 2 branches of the dungeon, and saw 6 of its levels.

You collected 153 gold pieces.

Inventory:

Hand Weapons
 a - a +0 war axe (weapon)
Missiles
 k - a throwing net (quivered)
Armour
 b - a +0 scale mail (worn)
 c - a +0 buckler (worn)
Jewellery
 e - a ring of flight (left hand)
 m - a ring of willpower (right hand)
 s - an amulet of reflection (around neck)
Scrolls
 f - a scroll of holy word {unknown}
 g - a scroll of immolation {unknown}
 h - 2 scrolls of blinking {unknown}
 j - a scroll of noise {unknown}
 n - a scroll of fear {unknown}
 o - a scroll of identify {unknown}
 q - a scroll of fog {unknown}
 r - a scroll of amnesia {unknown}
Potions
 d - a potion of mutation {unknown}
 i - 3 potions of haste
 l - a potion of attraction {unknown}
 p - a potion of flight {unknown}
 t - a potion of resistance {unknown}
 u - a potion of might
 v - a potion of magic


   Skills:
 + Level 3.9 Fighting
 + Level 4.2 Axes
 + Level 4.1 Armour
 + Level 3.3 Shields
 * Level 3.0 Evocations


You had 5 spell levels left.
You didn't know any spells.
Your spell library contained the following spells:

 Spells                   Type           Power      Damage    Failure   Level
 Apportation              Tloc           0%         N/A       86%         1
 Alistair's Intoxication  Tmut/Pois      0%         N/A       100%        5


Dungeon Overview and Level Annotations

Branches:
Dungeon (5/15)             Temple (1/1) D:4

Altars:
Ashenzari
Fedhas
Gozag
Makhleb
Qazlal
Sif Muna
Trog
Wu Jian
Xom
Zin
The Shining One


Innate Abilities, Weirdness & Mutations

You have a pair of small horns on your head.
You are partially covered in icy blue scales. (AC +2)
Your demonic aura sometimes causes spilled blood to erupt in flames.


Message History

The scorpion closely misses you.
There are monsters nearby!
There are monsters nearby!
You hit the scorpion but do no damage.
The scorpion is lightly wounded.
The scorpion stings you. You block the scorpion's attack.
You slash the scorpion! Your headbutt misses the scorpion.
The scorpion is heavily wounded.
The scorpion closely misses you. You block the scorpion's attack.
Unknown command.
You closely miss the scorpion.
The scorpion is heavily wounded.
You barely miss the orc. You block the orc's attack. The scorpion stings you.
The orc hits you but does no damage.
You are electrocuted!
Unknown command.
You are too injured to fight recklessly!
Unknown command.
Unknown command.
You are too injured to fight recklessly!
Unknown command.
You are too injured to fight recklessly!
You are too injured to fight recklessly!
You barely miss the scorpion. Your headbutt misses the scorpion.
The scorpion is heavily wounded.
You hit the orc. The scorpion stings you!
You are poisoned.
The scorpion poisons you! The orc hits you but does no damage.
You block the scorpion's attack.
You slash the scorpion!
You kill the scorpion!
Trog accepts your kill.
You hit the orc.
You feel very sick. You block the orc's attack.
Your Evocations skill increases to level 3!
You closely miss the orc.
The orc is almost dead.
You feel sick. The orc closely misses you. The orc hits you but does no damage.
You are electrocuted!
You die...

#. .. #$# #.#
#.# .. ...
#.##.# . .
#..#.# ...
...##.#.###.....
#......o@...$...
..###..###.....
#...........
#...###.....
###...### ...
#.......# .
#.#.#.#.#
#.#.#.#.#
#<#.#>#.#


You could see an orc.

Vanquished Creatures
  An ogre (D:4)
  A phantom (D:4)
  A scorpion (D:5)
  A hound (D:4)
  2 orc priests (D:4)
  A centaur skeleton (D:4)
  An iguana (D:5)
  4 gnolls (D:3)
  An adder (D:2)
  An adder skeleton (D:4)
  A worm (D:4)
  3 dart slugs
  3 orcs
  4 ball pythons
  9 endoplasms
  4 giant cockroaches
  3 goblins
  4 hobgoblins
  A quokka (D:2)
  6 kobolds
  4 rats
56 creatures vanquished.

Notes
Turn   | Place    | Note
-------+----------+-------------------------------------------
     0 | D:1      | cbfl8 the Demonspawn Fighter began the quest for the Orb.
     0 | D:1      | Reached XP level 1. HP: 18/18 MP: 1/1
   183 | D:1      | Gained mutation: You are partially covered in icy blue
                  | scales. (AC +2) [demonic ancestry]
   183 | D:1      | Reached XP level 2. HP: 19/24 MP: 2/2
   771 | D:2      | Found a faded altar of an unknown god.
  1062 | D:2      | Reached skill level 1 in Evocations
  1062 | D:2      | Gained mutation: Your demonic aura sometimes causes spilled
                  | blood to erupt in flames. [demonic ancestry]
  1062 | D:2      | Reached XP level 3. HP: 7/29 MP: 3/3
  2174 | D:3      | Reached XP level 4. HP: 22/35 MP: 4/4
  2739 | D:4      | Noticed a phantom
  2740 | D:4      | Found an ornate altar of the Wu Jian Council.
  2751 | D:4      | Killed a phantom
  2752 | D:4      | Gained mutation: You have a pair of small horns on your
                  | head. [demonic ancestry]
  2752 | D:4      | Reached XP level 5. HP: 15/41 MP: 5/5
  3111 | D:4      | Found a staircase to the Ecumenical Temple.
  3166 | Temple   | Entered the Ecumenical Temple
  3203 | Temple   | Became a worshipper of Trog the Wrathful
  3448 | D:4      | Reached XP level 6. HP: 14/48 MP: 6/6
  3868 | D:4      | Found an opulent altar of Gozag.
  4291 | D:5      | Entered Level 5 of the Dungeon
  4384 | D:5      | Found a burning altar of Makhleb.
  4452 | D:5      | Slain by an orc

Illustrated notes

Levels and vault maps discovered:
D:1:      dpeg_arrival_tiny_c, layout_basic, solitary_fountain
D:2:      minmay_inner_zag, layout_loops_ring, ebering_ecumenical_altar_box
D:3:      layout_loops_ring
D:4:      layout_gridville, grunt_gozag_statues, overflow_temple_1_default,
          temple_pool_b
D:5:      layout_basic, kennysheep_mini_moat, gammafunk_temple_overflow_claw,
          minmay_misc_feat_rugged, minmay_puff
Temple:   nicolae_temple_hex_pool

Skill      XL: |  1  2  3  4  5  6 |
---------------+-------------------+-----
Axes           | 2 3 4 |  4.2
Evocations     | 1 2 3 |  3.0
Armour         | 3 4 |  4.1
Shields        | 3 |  3.3
Fighting       | |  3.9

Action                   |  1- 3 |  4- 6 || total
-------------------------+-------+-------++-------
Melee: War axe           |    82 |    68 ||   150
       Headbutt          |       |    11 ||    11
  Use: Potion            |     3 |     1 ||     4
Armor: Scale mail        |    27 |    20 ||    47
       Skin              |     8 |       ||     8
Dodge: Dodged            |    34 |    30 ||    64
Block: Buckler           |    22 |    26 ||    48
